 Dungeon Crawl Stone Soup version 0.25.1-9-gc5326a611f (webtiles) character file.

Game seed: 4899685250455677677

691 SIDD the Ruffian (level 7, 0/67 HPs)
             Began as a Troll Berserker on Jan 2, 2021.
             Was a Believer of Trog.
             Slain by an orc
             ... wielding a +0 flail
              (6 damage)
             ... on level 7 of the Dungeon.
             The game lasted 00:25:17 (2730 turns).

SIDD the Ruffian (Troll Berserker)                  Turns: 2730, Time: 00:25:17

Health: 0/67       AC:  6    Str: 27    XL:     7   Next: 36%
Magic:  6/6        EV: 11    Int:  3    God:    Trog [**....]
Gold:   211        SH:  0    Dex: 10    Spells: 6/6 levels left

rFire    . . .     SeeInvis .     - Unarmed
rCold    . . .     Gourm    +   (no shield)
rNeg     . . .     Faith    .   q - +0 robe
rPois    .         Spirit   .   (helmet restricted)
rElec    .         Reflect  .   (no cloak)
rCorr    .         Harm     .   (gloves unavailable)
MR       .....                  (boots unavailable)
Stlth    +.........             (no amulet)
HPRegen  0.61/turn              (no ring)
MPRegen  0.10/turn              (no ring)

@: mighty, brilliant, slowed, lightly drained, very slow
A: large, unfitting armour, claws 3, fast metabolism 3, gourmand, regeneration
1, shaggy fur 1, tough skin 3
a: Berserk, Trog's Hand, Renounce Religion


You were on level 7 of the Dungeon.
You worshipped Trog.
Trog was pleased with you.
You were very full.

You visited 1 branch of the dungeon, and saw 5 of its levels.

You collected 211 gold pieces.

Inventory:

Hand Weapons
 f - a cursed -1 club
 l - a cursed +0 club
 p - a +0 whip
Missiles
 j - 33 bolts
 k - 21 stones (quivered)
Armour
 a - a +0 animal skin
 b - the +1 ring mail of Intuition {rPois Int+6, unknown}
   (You found it on level 6 of the Dungeon)

   It affects your intelligence (+6).
   It protects you from poison.
 q - a +0 robe (worn)
 r - a +0 ring mail
Wands
 n - a wand of digging (5)
Scrolls
 d - 2 scrolls of enchant weapon {unknown}
 e - a scroll of immolation {unknown}
 g - 2 scrolls of amnesia {unknown}
 h - a scroll of magic mapping {unknown}
 s - 2 scrolls of remove curse
 u - 2 scrolls of identify {unknown}
Potions
 c - a potion of magic {unknown}
 i - a potion of berserk rage
 m - a potion of haste {unknown}
Comestibles
 v - 11 chunks of flesh


   Skills:
 + Level 3.3(3.0) Fighting
 + Level 4.2(3.9) Dodging
 + Level 1.0(0.8) Stealth
 + Level 6.6(6.2) Unarmed Combat


You had 6 spell levels left.
You didn't know any spells.
Your spell library was empty.

Dungeon Overview and Level Annotations

Branches:
Dungeon (7/15)
 Temple: D:4-7

Altars:
Dithmenos
Gozag
Sif Muna
Wu Jian
Zin


Innate Abilities, Weirdness & Mutations

You are too large for most types of armour.
You have claws for hands.
Your metabolism is lightning-fast.
You like to eat raw meat.
Your natural rate of healing is unusually fast.
You are covered in fur. (AC +1)
You have extremely tough skin. (AC +3)


Message History

The wight hits you but does no damage.
The wight hits you from afar with a +5 halberd!
* * * LOW HITPOINT WARNING * * *
The wight hits you but does no damage. The orc barely misses you. x2
The orc hits you with a +0 flail.
* * * LOW HITPOINT WARNING * * *
It was a potion of brilliance.
You feel clever all of a sudden. The wight hits you but does no damage.
The wight closely misses you. The orc barely misses you.
The wight barely misses you.
The orc barely misses you. x2; The wight barely misses you.
The orc closely misses you. The wight hits you but does no damage.
You scratch the orc.
You kill the orc!
Trog accepts your kill. The orc misses you. The wight barely misses you.
The orc barely misses you. The wight closely misses you. x2
You closely miss the orc. The wight hits you but does no damage.
The orc hits you but does no damage. The orc hits you with a +0 flail.
You die...

............
#...........
#...........
#...........
#...........
#....!......
#......<....
#...........
#..z@o......
#..o)z......
#...z.......
#...........
.............
...###+#......
.... ......
... ......


You could see 3 wights and 2 orcs.

Vanquished Creatures
  Sigmund (D:2)
  A centaur (D:6)
  2 scorpions (D:6)
  2 crimson imps (D:6)
  An orc wizard (D:7)
  Jessica (D:2)
  Natasha (twice) (D:2)
  Terence (D:2)
  A worker ant (D:6)
  An iguana (D:6)
  5 adders
  A shadow imp (D:7)
  5 dart slugs
  2 leopard geckos
  3 orcs
  3 giant cockroaches
  2 goblins
  5 hobgoblins
  A quokka (D:6)
  5 bats
  4 frilled lizards
  7 kobolds
  3 rats
59 creatures vanquished.

Notes
Turn   | Place    | Note
-------+----------+-------------------------------------------
     0 | D:1      | SIDD the Troll Berserker began the quest for the Orb.
     0 | D:1      | Reached XP level 1. HP: 22/22 MP: 0/0
   176 | D:1      | Reached XP level 2. HP: 29/29 MP: 1/1
  1539 | D:2      | Reached XP level 3. HP: 29/36 MP: 2/2
  1596 | D:2      | Noticed Terence
  1612 | D:2      | Killed Terence
  1646 | D:2      | Noticed Sigmund
  1659 | D:2      | Killed Sigmund
  1659 | D:2      | Reached skill level 4 in Unarmed Combat
  1659 | D:2      | Reached XP level 4. HP: 33/45 MP: 3/3
  1659 | D:2      | Reached XP level 5. HP: 39/53 MP: 4/4
  1691 | D:2      | Noticed Natasha
  1698 | D:2      | Killed Natasha
  1738 | D:2      | Found an opulent altar of Gozag.
  1744 | D:2      | Found a shadowy altar of Dithmenos.
  1749 | D:2      | Reached skill level 5 in Unarmed Combat
  1751 | D:2      | Found an ornate altar of the Wu Jian Council.
  1759 | D:2      | Found a shimmering blue altar of Sif Muna.
  1760 | D:2      | Found a glowing silver altar of Zin.
  1935 | D:2      | Noticed Natasha
  1943 | D:2      | Killed Natasha
  1943 | D:2      | Reached XP level 6. HP: 51/61 MP: 5/5
  1990 | D:2      | Noticed Jessica
  2002 | D:2      | Killed Jessica
  2002 | D:2      | Reached ** piety under Trog
  2421 | D:3      | You fall into a shaft and drop 3 floors!
  2496 | D:6      | Reached skill level 6 in Unarmed Combat
  2498 | D:6      | Reached XP level 7. HP: 20/67 MP: 6/6
  2552 | D:6      | Reached skill level 1 in Stealth
  2631 | D:6      | Got a bloodstained ring mail
  2727 | D:7      | HP: 3/67 [orc/+0 flail (3)]
  2730 | D:7      | Slain by an orc

Illustrated notes

Levels and vault maps discovered:
D:1:      eino_arrival_cavern_b, layout_rooms
D:2:      layout_basic, minitemple, kennysheep_decorative_pillar, uniq_terence,
          uniq_sigmund, uniq_jessica, uniq_natasha
D:3:      layout_loops_ring
D:6:      layout_basic
D:7:      layout_gridville, lemuel_crystal_altar

Skill      XL: |  1  2  3  4  5  6  7 |
---------------+----------------------+-----
Dodging        | 3 4 |  4.2
Fighting       | 3 |  3.3
Unarmed Combat | 4 5 6 |  6.6
Stealth        | 1 |  1.0

Action                   |  1- 3 |  4- 6 |  7- 9 || total
-------------------------+-------+-------+-------++-------
Melee: Unarmed           |    90 |    64 |    39 ||   193
       Punch             |     2 |     1 |     1 ||     4
Invok: Berserk           |     1 |       |       ||     1
  Use: Scroll            |     1 |       |       ||     1
       Potion            |       |     1 |     3 ||     4
 Stab: Sleeping          |       |     1 |     1 ||     2
  Eat: Chunk             |     6 |    13 |     2 ||    21
       Ration            |     3 |       |       ||     3
Armor: Animal skin       |    25 |     7 |       ||    32
       Robe              |       |    13 |    20 ||    33
Dodge: Dodged            |    54 |    31 |    44 ||   129
